 Dungeon Crawl Stone Soup version 0.24.0-13-gcf9b319 (webtiles) character file.

Game seed: 11153797787588076570, levelgen mode: deterministic

49 AlyssaTheNerd the Poker (level 3, 0/30 HPs)
             Began as a Merfolk Berserker on Dec 17, 2019.
             Was a Believer of Trog.
             Succumbed to an adder's poison
             ... on level 2 of the Dungeon.
             The game lasted 00:01:57 (1141 turns).

AlyssaTheNerd the Poker (Merfolk Berserker)         Turns: 1141, Time: 00:01:58

Health: 0/30       AC:  4    Str: 18    XL:     3   Next: 77%
Magic:  3/3        EV: 13    Int:  6    God:    Trog [**....]
Gold:   100        SH:  0    Dex: 13    Spells: 2/2 levels left

rFire    . . .     SeeInvis .   a - +0 spear
rCold    . . .     Gourm    .   (no shield)
rNeg     . . .     Faith    .   b - +0 animal skin
rPois    .         Spirit   .   e - +1 helmet
rElec    .         Reflect  .   (no cloak)
rCorr    .         Harm     .   (no gloves)
MR       .....                  (no boots)
Stlth    ++........             (no amulet)
HPRegen  0.10/turn              (no ring)
MPRegen  0.08/turn              (no ring)

@: lethally poisoned (0 -> -11)
A: change form in water, swift swim, stealthy swim
a: Berserk, Trog's Hand, Renounce Religion


You were on level 2 of the Dungeon.
You worshipped Trog.
Trog was pleased with you.
You were not hungry.

You visited 1 branch of the dungeon, and saw 2 of its levels.

You collected 100 gold pieces.

Inventory:

Hand Weapons
 a - a +0 spear (weapon)
Armour
 b - a +0 animal skin (worn)
 e - a +1 helmet (worn)
Jewellery
 j - a cursed -3 ring of intelligence {unknown}
 l - a cursed ring of attention {unknown}
 o - a +5 ring of dexterity {unknown}
Potions
 h - a potion of degeneration {unknown}
 i - a potion of berserk rage {unknown}
 k - 2 potions of curing {unknown}
 m - a potion of ambrosia {unknown}
 n - 2 potions of lignification {unknown}
 r - a potion of mutation {unknown}
Comestibles
 c - 2 rations
 d - 3 chunks of flesh


   Skills:
 + Level 3.7 Fighting
 + Level 5.5 Polearms
 + Level 1.6 Armour
 * Level 3.1 Dodging
 * Level 1.1 Stealth


You had 2 spell levels left.
You didn't know any spells.
Your spell library was empty.

Dungeon Overview and Level Annotations

Branches:
Dungeon (2/15)

Altars:


Message History

The adder is severely wounded.
* * * LOW HITPOINT WARNING * * *
You feel sick. The adder bites you but does no damage.
The kobold hits you with a +0 club.
* * * LOW HITPOINT WARNING * * *
You hit the adder.
You kill the adder!
Trog accepts your kill.
* * * LOW HITPOINT WARNING * * *
You feel sick. The kobold barely misses you.
* * * LOW HITPOINT WARNING * * *
You feel sick.
Things that are here:
a +0 club; a goblin corpse You hit the kobold.
You kill the kobold!
Trog accepts your kill.
* * * LOW HITPOINT WARNING * * *
You feel sick.
You die...

#.......##..#.(..............
#######.###.#.#....##........
........##...##.#...#.#
#..##..P.##...##.#.#...#
#..##PP..##..รท##.#.#.##.
..##....##...##.#.# #
.>.....P...........
........##.........
.......@#####.#.... #......)#
.#.... ###.....# .. ...
#.....# ... .. #.....# ...
#.....# #...### #... #...


There were no monsters in sight!

Vanquished Creatures
  An adder (D:2)
  An ooze (D:1)
  A leopard gecko (D:2)
  5 bats
  6 hobgoblins (D:1)
  8 kobolds
  A quokka (D:2)
  2 frilled lizards (D:1)
  5 goblins
  4 rats (D:1)
34 creatures vanquished.

Notes
Turn   | Place    | Note
-------+----------+-------------------------------------------
     0 | D:1      | AlyssaTheNerd the Merfolk Berserker began the quest for the
                  | Orb.
     0 | D:1      | Reached XP level 1. HP: 18/18 MP: 1/1
   230 | D:1      | Reached XP level 2. HP: 19/24 MP: 2/2
   627 | D:1      | Reached skill level 5 in Polearms
   627 | D:1      | Reached XP level 3. HP: 19/30 MP: 3/3
   671 | D:1      | Reached skill level 1 in Stealth
   731 | D:1      | Reached ** piety under Trog
  1140 | D:2      | HP: 1/30 [poisoned by an adder]
  1141 | D:2      | Succumbed to an adder's poison

Levels and vault maps discovered:
D:1:      minmay_arrival_solitary_statue, layout_loops_corners,
          minmay_close_crescents
D:2:      minmay_kobold_bridge, layout_basic, serial_undead, serial_undead_f,
          serial_undead_d, serial_undead_b, serial_undead_d, serial_undead_e,
          serial_undead_b, serial_undead_b, serial_undead_e, first_ration

Skill      XL: |  1  2  3 |
---------------+----------+-----
Dodging        | 3 |  3.1
Polearms       | 5 |  5.5
Stealth        | 1 |  1.1
Fighting       | |  3.7
Armour         | |  1.6

Action                   || total
-------------------------++-------
Melee: Spear             ||   116
  Use: Scroll            ||     4
 Stab: Sleeping          ||     1
  Eat: Chunk             ||     1
Armor: Animal skin       ||    23
Dodge: Dodged            ||    56
